 Dungeon Crawl Stone Soup version 0.28-a0-476-g0f06bd746f (webtiles) character file.

Game seed: 2845368971307350142

51957 Spaninq the Bludgeoner (level 14, 0/132 HPs)
             Began as a Hill Orc Cinder Acolyte on Sept 16, 2021.
             Was an Elder of Ignis.
             Hit by a boomerang of dispersal thrown by an orc warrior (8 damage)
             ... led by an orc knight
             ... on level 2 of the Orcish Mines on Sept 17, 2021.
             The game lasted 00:54:41 (19303 turns).

Spaninq the Bludgeoner (Hill Orc Cinder Acolyte)   Turns: 19303, Time: 00:54:41

Health: 0/132      AC: 24    Str: 20    XL:     14   Next: 61%
Magic:  15/15      EV:  7    Int: 14    God:    Ignis [****..]
Gold:   2002       SH:  6    Dex:  8    Spells: 12/15 levels left

rFire   + . .      SeeInvis .   e - +3 whip (elec)
rCold   . . .      Faith    .   C - +0 buckler
rNeg    . . .      Spirit   .   t - +1 plate armour "Tyenij" {Will+ Slay+3}
rPois   +          Reflect  .   n - +0 helmet
rElec   .          Harm     .   p - +0 cloak
rCorr   .          Rampage  .   q - +2 pair of gloves
Will    ++...                   v - +0 pair of boots
Stlth   ..........              z - amulet of regeneration
HPRegen 1.32/turn               P - +4 ring of slaying
MPRegen 0.14/turn               x - ring of poison resistance

@: lethally poisoned (0 -> -2), rising, flying, hasted, studying Ice Magic, very
quick
A: no striking features
a: Renounce Religion, Sea of Fire, Foxfire Swarm, Rising Flame


You were on level 2 of the Orcish Mines.
You worshipped Ignis.
Ignis was greatly pleased with you.
You visited 4 branches of the dungeon, and saw 19 of its levels.
You also visited: Bailey and Ice Cave.

You collected 2521 gold pieces.
You spent 519 gold pieces at shops.

Inventory:

Hand Weapons
 a - a -1 hand axe of flaming
 e - a +3 whip of electrocution (weapon)
 o - a +2 mace of holy wrath
 I - a +0 eveningstar of protection
Armour
 n - a +0 helmet (worn)
 p - a +0 cloak (worn)
 q - a +2 pair of gloves (worn)
 t - the +1 plate armour "Tyenij" (worn) {Will+ Slay+3}
   (You found it on level 8 of the Dungeon)

   Slay:      It affects your accuracy & damage with ranged weapons and melee
   (+3).
   Will:      It increases your willpower.
 v - a +0 pair of boots (worn)
 C - a +0 buckler (worn)
 R - a +2 crystal plate armour of cold resistance
 T - a +0 tower shield
 V - a +2 kite shield of cold resistance
Jewellery
 k - a +6 ring of strength
 x - a ring of poison resistance (right hand)
 z - an amulet of regeneration (around neck)
 B - a ring of fire
 D - the amulet of Suwe {Acrobat rF++ rN++}
   (You bought it in a shop on level 6 of the Dungeon)

   [amulet of the acrobat]

   It increases your evasion while moving and waiting.
   rF:        It greatly protects you from fire.
   rN:        It greatly protects you from negative energy.
 E - a ring of wizardry
 L - a ring of resist corrosion
 P - a +4 ring of slaying (left hand)
Wands
 b - a wand of digging (7)
 g - a wand of iceblast (35)
 r - a wand of paralysis (9)
 s - a wand of flame (27)
 N - a wand of acid (7)
Scrolls
 h - 4 scrolls of teleportation
 j - 3 scrolls of blinking
 w - a scroll of magic mapping
 y - 3 scrolls of holy word
 G - 2 scrolls of enchant weapon
 H - 2 scrolls of summoning
 J - 2 scrolls of enchant armour
 Q - 3 scrolls of fear
Potions
 c - 4 potions of haste
 d - 2 potions of magic
 f - 3 potions of brilliance
 i - 7 potions of heal wounds
 l - 5 potions of curing
 m - a potion of might
 u - 2 potions of attraction
 A - 3 potions of mutation
 F - a potion of cancellation
 K - a potion of flight
 M - a potion of berserk rage
 W - a potion of resistance
 Z - a potion of ambrosia {unknown}
Miscellaneous
 O - a phantom mirror
 X - a phial of floods
 Y - a lightning rod (4/4)


   Skills:
 + Level 14.1 Fighting
 - Level 5.6(13.6) Axes
 + Level 16.1(16.3) Maces & Flails
 + Level 12.4 Armour
 * Level 11.6 Shields
 - Level 1.3 Spellcasting
 - Level 3.2 Fire Magic


You had 12 spell levels left.
You knew the following spells:

 Your Spells              Type           Power      Damage    Failure   Level
a - Scorch                Fire           20%        2d6       80%         2
b - Apportation           Tloc           0%         N/A       98%         1

Your spell library contained the following spells:

 Spells                   Type           Power      Damage    Failure   Level
 Animate Skeleton         Necr           0%         N/A       98%         1
 Beastly Appendage        Tmut           0%         N/A       98%         1
 Summon Small Mammal      Summ           0%         N/A       98%         1
 Blink                    Tloc           N/A        N/A       99%         2
 Ensorcelled Hibernation  Hex/Ice        0%         N/A       99%         2
 Wereblood                Tmut           0%         N/A       99%         2
 Lesser Beckoning         Tloc           0%         N/A       100%        3
 Ozocubu's Armour         Ice            0%         N/A       100%        3
 Spider Form              Tmut/Pois      0%         N/A       100%        3
 Manifold Assault         Tloc           0%         N/A       100%        5
 Ozocubu's Refrigeration  Ice            0%         4d5       100%        7


Dungeon Overview and Level Annotations

Branches:
Dungeon (11/15)            Temple (1/1) D:4            Lair (5/6) D:11
  Swamp (0/4) Lair:3       Spider (0/4) Lair:3        Slime (0/5) Lair:5
    Orc (2/2) D:10            Elf (0/3) Orc:2        Bailey (visited)
  IceCv (visited)

Altars:
Ashenzari
Cheibriados
Dithmenos
Elyvilon
Fedhas
Gozag
Hepliaklqana
Kikubaaqudgha
Makhleb
Nemelex Xobeh
Okawaru
Qazlal
Ru
Sif Muna
Trog
Uskayaw
Vehumet
Wu Jian
Xom
Yredelemnul
Zin
The Shining One
Jiyva

Shops:
D:6 *   Orc:1 *

Annotations:
Lair:1 3 runed translucent doors, robertstho's ghost, journeyman TeBe
Orc:2 Donald


Message History

You are more poisoned.
You hit Donald.
Donald is lightly wounded.
You feel sick. Donald blocks your attack.
Donald is lightly wounded.
You feel sick.
Donald hits you with a +1 long sword of venom!!
You hit Donald.
Donald is lightly wounded.
You feel sick. Donald blocks your attack.
Donald is lightly wounded.
You feel sick. Donald barely misses you. Donald blocks your attack.
Donald is lightly wounded.
You feel sick. Donald blocks your attack.
Donald is lightly wounded.
You feel sick. Donald blocks your attack.
Donald is lightly wounded.
You feel sick.
Donald says, "Feel like your fire's burning out?
I hate that."
Donald hits you with a +1 long sword of venom!!
* * * LOW HITPOINT WARNING * * *
You feel very sick.
Donald hits you with a +1 long sword of venom!!
* * * LOW HITPOINT WARNING * * *
You climb downwards.
You hear a distant snort.
Hark!
There is a gateway to a gauntlet on this level.
Find the entrance quickly before the gate is sealed!
You feel very sick.
The orc warrior throws a boomerang of dispersal.
The boomerang of dispersal closely misses you.
There is a stone staircase leading up, spattered with blood here.
You begin to rise into the air.
You feel sick. Donald completely misses you.
The orc warrior throws a boomerang of dispersal.
The boomerang of dispersal hits you!
You die...

*** *****##*##########
*,***,*,##.##....#.#.##
,,,*,,,,.....<........#
,,,,*,,,........@@....#
,*,**,,,#........†...##
,,,,*,,*.............#
,,,*,,,*...<........##
,,,,,,**..#...o#.....#
,,,,,**,.............#
,*,,,***..#....#.#...##
,,*,,*,*.......#[.o...#
,,,∩,,,,..............#


You could see Donald (fast, strong), an orc knight and an orc warrior.

Vanquished Creatures
  An orc warlord (Bailey)
  4 hydras
  A boulder beetle (D:11)
  A catoblepas (Lair:2)
  2 ironbound frosthearts (IceCv)
  2 two-headed ogres
  6 death yaks
  Pikel (D:9)
  3 orc knights (Bailey)
  2 phantasmal warriors (D:11)
  An orc sorcerer (Orc:2)
  An ugly thing (IceCv)
  11 elephants
  Maurice (D:8)
  3 centaur zombies
  A black mamba (Lair:4)
  Joseph (D:10)
  An ice statue (IceCv)
  12 cane toads
  An unseen horror (D:10)
  A torpor snail (Lair:5)
  5 komodo dragons
  2 ice devils (Lair:5)
  2 rime drakes
  A freezing wraith (D:11)
  A hornet (D:8)
  2 trolls (Orc:1)
  12 polar bears
  8 blink frogs
  A meliai zombie (D:11)
  7 dream sheep (Lair:3)
  A shadow (D:11)
  A vampire (D:9)
  A wraith (D:11)
  2 redbacks (Lair:3)
  33 yaks
  2 wyverns (D:8)
  4 basilisks
  Grum (D:8)
  2 steam dragons (Lair:4)
  4 vampire mosquitoes (D:10)
  A warg (Orc:2)
  An acid dragon (D:10)
  A hornet zombie (D:8)
  13 water moccasins
  17 orc warriors
  3 necrophages
  45 wolves
  2 centaurs
  6 ogres
  A phantom (D:6)
  3 kobold brigands
  16 bullfrogs
  2 scorpions
  5 killer bees (D:10)
  13 howler monkeys
  A bullfrog zombie (D:6)
  A crimson imp (D:5)
  A gnoll shaman (D:7)
  6 orc priests
  2 hounds
  2 jellies
  2 bullfrog skeletons
  4 iguanas
  10 orc wizards
  A killer bee zombie (D:8)
  A hound zombie (D:5)
  2 howler monkey zombies
  Robin (D:2)
  20 gnolls
  11 adders
  A howler monkey skeleton (D:7)
  A shadow imp (D:5)
  2 white imps
  An ufetubus (D:7)
  2 worms
  A dart slug (D:3)
  41 orcs
  7 ball pythons
  7 endoplasms
  5 giant cockroaches
  35 goblins
  24 hobgoblins
  3 jackals (D:2)
  20 kobolds
  4 quokkas
  6 bats
  4 frilled lizards
  2 rats (D:2)
509 creatures vanquished.

Vanquished Creatures (others)
  16 fungi
  14 plants
30 creatures vanquished.

Grand Total: 539 creatures vanquished

Notes
Turn   | Place    | Note
-------+----------+-------------------------------------------
     0 | D:1      | Spaninq the Hill Orc Cinder Acolyte began the quest for the
                  | Orb.
     0 | D:1      | Reached XP level 1. HP: 19/19 MP: 2/2
   195 | D:1      | Reached XP level 2. HP: 26/27 MP: 3/3
   198 | D:1      | Learned a level 2 spell: Scorch
   618 | D:1      | Reached XP level 3. HP: 24/33 MP: 1/4
  1120 | D:2      | Reached skill level 5 in Axes
  1287 | D:2      | Reached XP level 4. HP: 29/41 MP: 5/5
  1737 | D:2      | Noticed Robin
  1743 | D:2      | Reached skill level 1 in Maces & Flails
  1745 | D:2      | Killed Robin
  1759 | D:2      | Reached XP level 5. HP: 30/47 MP: 6/6
  2211 | D:3      | Reached skill level 2 in Maces & Flails
  2675 | D:3      | Noticed a golden eye
  2678 | D:3      | Found a faded altar of an unknown god.
  2679 | D:3      | Noticed a golden eye
  2679 | D:3      | Noticed a great orb of eyes
  2679 | D:3      | Noticed an eye of devastation
  2911 | D:3      | Reached skill level 5 in Fighting
  2913 | D:3      | Reached skill level 1 in Armour
  3282 | D:4      | Reached skill level 3 in Maces & Flails
  3282 | D:4      | Reached XP level 6. HP: 56/56 MP: 7/7
  3324 | D:4      | Found a staircase to the Ecumenical Temple.
  3389 | Temple   | Entered the Ecumenical Temple
  3677 | D:4      | Reached skill level 4 in Maces & Flails
  4080 | D:4      | Reached XP level 7. HP: 57/62 MP: 8/8
  4273 | D:5      | Entered Level 5 of the Dungeon
  4546 | D:5      | Reached skill level 5 in Maces & Flails
  4660 | D:5      | Found a sparkling altar of Nemelex Xobeh.
  5047 | D:5      | Reached skill level 6 in Maces & Flails
  5047 | D:5      | Reached XP level 8. HP: 71/71 MP: 9/9
  5709 | D:6      | Noticed a two-headed ogre
  6148 | D:6      | Reached skill level 7 in Maces & Flails
  6433 | D:6      | Found Ateylet's Assorted Antiques.
  6436 | D:6      | Bought a vibrating jade amulet for 95 gold pieces
  6436 | D:6      | Identified the amulet of Suwe {Acrobat rF++ rN++} (You
                  | bought it in a shop on level 6 of the Dungeon)
  6514 | D:7      | Reached skill level 1 in Shields
  6797 | D:7      | Noticed a yak
  6806 | D:7      | Reached skill level 5 in Armour
  6824 | D:7      | Reached XP level 9. HP: 55/79 MP: 10/10
  7165 | D:7      | Reached skill level 8 in Maces & Flails
  7382 | D:7      | Reached skill level 9 in Maces & Flails
  7683 | D:6      | Found Ateylet's Assorted Antiques.
  8000 | D:6      | Killed a two-headed ogre
  8001 | D:6      | Reached XP level 10. HP: 90/90 MP: 11/11
  8222 | D:8      | Identified the +1 plate armour "Tyenij" {Will+ Slay+3}
  8294 | D:8      | Reached skill level 10 in Maces & Flails
  8388 | D:8      | Noticed Grum
  8440 | D:8      | Killed Grum
  8840 | D:8      | Noticed Maurice
  8858 | D:8      | Killed Maurice
  8859 | D:8      | Reached skill level 11 in Maces & Flails
  8859 | D:8      | Reached skill level 5 in Shields
  9596 | D:9      | Noticed Pikel
  9629 | D:9      | Killed Pikel
  9630 | D:9      | Reached skill level 10 in Fighting
  9630 | D:9      | Reached XP level 11. HP: 94/99 MP: 12/12
 10103 | D:10     | Entered Level 10 of the Dungeon
 10139 | D:10     | Found a flagged portal.
 10153 | Bailey   | Entered a bailey
 10431 | Bailey   | Noticed an orc knight
 10450 | Bailey   | Killed an orc knight
 10555 | Bailey   | Noticed an orc warlord
 10555 | Bailey   | Noticed an orc knight
 10623 | Bailey   | Noticed an orc knight
 10825 | Bailey   | Killed an orc knight
 10835 | Bailey   | Killed an orc knight
 10982 | Bailey   | Killed an orc warlord
 10983 | Bailey   | Reached skill level 12 in Maces & Flails
 11092 | D:10     | Acquired 1034 gold pieces
 11094 | D:10     | Acquired a +0 eveningstar of protection
 11231 | D:10     | Found a staircase to the Orcish Mines.
 11494 | D:10     | Noticed Joseph
 11506 | D:10     | Killed Joseph
 11712 | D:10     | Noticed a two-headed ogre
 11720 | D:10     | Killed a two-headed ogre
 11721 | D:10     | Reached XP level 12. HP: 62/110 MP: 13/13
 12236 | D:11     | Noticed a boulder beetle
 12251 | D:11     | Killed a boulder beetle
 12282 | D:11     | Reached skill level 13 in Maces & Flails
 12514 | D:11     | Noticed a death knight
 12514 | D:11     | Noticed a four-headed hydra
 12541 | D:10     | Killed a one-headed hydra
 12606 | D:11     | Found a staircase to the Lair.
 12650 | D:11     | Reached skill level 10 in Armour
 12974 | Lair:1   | Entered Level 1 of the Lair of Beasts
 13122 | Lair:1   | Found a runed translucent gate.
 13122 | Lair:1   | Found a runed translucent gate.
 13122 | Lair:1   | Found a runed translucent gate.
 13132 | Lair:1   | Noticed robertstho's ghost (journeyman TeBe)
 13139 | Lair:1   | Noticed a four-headed hydra
 13145 | Lair:1   | Killed a one-headed hydra
 13290 | Lair:1   | Noticed a five-headed hydra
 13304 | Lair:1   | Killed a one-headed hydra
 13344 | Lair:1   | Learned a level 1 spell: Apportation
 13590 | Lair:1   | Reached skill level 14 in Maces & Flails
 13799 | Lair:2   | Identified the +3 falchion of Armageddon {elec, rCorr}
 13872 | Lair:2   | Reached XP level 13. HP: 117/119 MP: 14/14
 14795 | Lair:3   | Identified the +9 battleaxe "Ciuhelom" {vorpal}
 14830 | Lair:3   | Found a hole to the Spider Nest.
 15193 | Lair:3   | Found a staircase to the Swamp.
 15552 | Lair:3   | Reached skill level 15 in Maces & Flails
 15807 | Lair:4   | Reached skill level 10 in Shields
 16463 | Lair:5   | Found a frozen archway.
 16480 | Lair:5   | Reached XP level 14. HP: 107/129 MP: 15/15
 16498 | IceCv    | Entered an ice cave
 16601 | IceCv    | Identified the +7 dagger of Cacur {elec, rN+ Will++}
 17497 | IceCv    | Reached skill level 16 in Maces & Flails
 17565 | IceCv    | Found the +9 heavy crossbow "Sniper" {vorpal, Acc+∞ SInv}
 17798 | Lair:5   | Found a staircase to the Slime Pits.
 17798 | Lair:5   | Found a viscous altar of Jiyva.
 18413 | Orc:1    | Entered Level 1 of the Orcish Mines
 18483 | Orc:1    | Found Obyom's General Store.
 18511 | Orc:1    | Bought a scroll of enchant armour for 90 gold pieces
 18511 | Orc:1    | Bought a potion of curing for 36 gold pieces
 18511 | Orc:1    | Bought a scroll of fear for 42 gold pieces
 19058 | D:6      | Bought a scroll of fear for 66 gold pieces
 19058 | D:6      | Bought 2 potions of heal wounds for 190 gold pieces
 19192 | Orc:2    | Entered Level 2 of the Orcish Mines
 19243 | Orc:2    | Identified the +1 kite shield "Lygauff" {rN+++}
 19243 | Orc:2    | Noticed Donald
 19303 | Orc:2    | Hit by a boomerang of dispersal thrown by an orc warrior

Illustrated notes

Levels and vault maps discovered:
D:1:      mainiacjoe_arrival_reflecting_pool, layout_loops_ring
D:2:      minmay_evil_eye, layout_loops_ring, minmay_tiny_reverse_x, uniq_robin
D:3:      layout_basic, hellmonk_ecumenical_altar_watching_god,
          minmay_misc_feat_plants
D:4:      layout_basic, minmay_temple_entry_tees
D:5:      layout_basic, nemelex_dance_club_becter, minmay_fire_ice_demons
D:6:      layout_layer_cave, serial_shops, kennysheep_mini_moat
D:7:      layout_cave_pools, kennysheep_generic_room_14
D:8:      layout_basic, minmay_puff, uniq_maurice, uniq_grum
D:9:      layout_irregular_city, uniq_pikel
D:10:     layout_stronghold, orc_0_dummy, enter_bailey_3,
          palyth_stone_intersect, uniq_joseph
D:11:     layout_roguey, lair_entry_dummy, serial_glass, glass_columns_a,
          glass_columns_a, glass_columns_a, glass_columns_b, glass_columns_b,
          glass_columns_a
Temple:   kilobyte_greek_temple
Lair:1:   layout_cave_shapes, gammafunk_ghost_split, pond
Lair:2:   layout_regular_city
Lair:3:   layout_chaotic_city, swamp_mist, spider_nest_entry_webs,
          grunt_megastairs_2
Lair:4:   layout_long_grid
Lair:5:   layout_regular_city, slime_altar_1, portal_ice_cave_demonic_guard
Orc:1:    layout_diamond_mine, serial_shops, nicolae_shop_waterfront
Orc:2:    st_orc_elflike, layout_caves, gauntlet_entry_generic, mines1_david,
          uniq_erolcha, uniq_rupert, uniq_donald

Skill      XL: |  1  2  3  4  5  6  7  8  9 10 11 12 13 14 |
---------------+-------------------------------------------+-----
Fighting       | 4 5 6 7 8 10 11 12 13 14 | 14.1
Axes           | 5 |  5.6
Maces & Flails | 1 3 4 6 7 9 11 12 14 15 16 | 16.1
Armour         | 1 2 3 5 6 8 9 10 11 12 | 12.4
Shields        | 2 4 5 7 9 10 11 | 11.6
Spellcasting   | |  1.3
Fire Magic     | |  3.2

Action                   |  1- 3 |  4- 6 |  7- 9 | 10-12 | 13-15 || total
-------------------------+-------+-------+-------+-------+-------++-------
Melee: Hand axe          |    45 |       |       |    20 |     7 ||    72
       Whip              |    46 |   169 |   268 |   700 |   914 ||  2097
       Mace              |       |       |     3 |     5 |       ||     8
 Cast: Scorch            |     5 |       |       |       |       ||     5
Invok: Sea of Fire       |       |       |       |     1 |       ||     1
       Rising Flame      |       |       |       |       |     1 ||     1
  Use: Scroll            |       |       |    14 |     9 |     7 ||    30
       Potion            |       |       |       |     1 |     1 ||     2
 Stab: Distracted        |       |       |       |       |     1 ||     1
Armor: Robe              |    13 |       |       |       |       ||    13
       Scale mail        |    13 |    51 |    97 |       |       ||   161
       Plate armour      |       |       |       |   224 |   308 ||   532
Dodge: Dodged            |    55 |    50 |   110 |   117 |   144 ||   476
Block: Buckler           |       |       |    14 |   103 |   138 ||   255

Table legend: (Time is in decaauts)
 A = Elapsed time spent in this place.
 B = Non-inter-level travel time spent in this place.
 C = Inter-level travel time spent in this place.
 D = Time resting spent in this place.
 E = Time spent auto-exploring this place.
 F = Levels seen in this place.
 G = Mean time per level.
                   A        B        C        D        E       F      G
               +--------+--------+--------+--------+--------+-----+--------+
         Total |  18456 |  17303 |   1153 |   1251 |  11654 |  21 |  878.9 |
       Dungeon |  11917 |  11051 |    866 |    769 |   8251 |  11 | 1083.4 |
        Temple |    146 |    110 |     36 |      0 |    105 |   1 |  146.0 |
          Lair |   3985 |   3805 |    180 |    133 |   2738 |   5 |  797.0 |
  Orcish Mines |    601 |    530 |     71 |     31 |    324 |   2 |  300.5 |
        Bailey |    835 |    835 |      0 |     21 |    122 |   1 |  835.0 |
      Ice Cave |    969 |    969 |      0 |    297 |    113 |   1 |  969.0 |
               +--------+--------+--------+--------+--------+-----+--------+

Top non-repeatable levels by time:
     D:6: 1374 daAuts
     D:5: 1300 daAuts
    D:10: 1270 daAuts
     D:8: 1262 daAuts
     D:2: 1202 daAuts
     D:7: 1134 daAuts
     D:3: 1082 daAuts
   IceCv: 969 daAuts
     D:1: 934 daAuts
  Lair:2: 910 daAuts
     D:4: 889 daAuts
  Bailey: 835 daAuts
  Lair:3: 835 daAuts
     D:9: 807 daAuts
  Lair:5: 804 daAuts
